 Dungeon Crawl Stone Soup version 0.14-a0-2001-g390038d (webtiles) character file.

316 Kae the Ruinous (level 5, 0/25 HPs)
             Began as a Tengu Fire Elementalist on Jan 18, 2014.
             Slain by an orc wizard
             ... wielding a +0,+1 orcish dagger of distortion
              (22 damage)
             ... on Level 3 of the Dungeon.
             The game lasted 00:03:59 (2574 turns).

Kae the Ruinous (Tengu Fire Elementalist)           Turns: 2574, Time: 00:03:59

HP   0/25        AC  3     Str  7 (9)  XL: 5   Next: 81%
MP   3/11        EV 12     Int 14      God:
Gold 113         SH  0     Dex 14      Spells:  3 memorised,  2 levels left

rFire  . . .     SeeInvis .     u - +1,+0 short sword
rCold  . . .     Clarity  .     a - +0 robe
rNeg   . . .     Conserve .     (no shield)
rPois  .         rCorr    .     (helmet restricted)
rElec  .         rRot     .     (no cloak)
SustAb . .       Spirit   .     (no gloves)
rMut   .         Warding  .     (boots unavailable)
Saprov . . .     Stasis   .     (no amulet)
MR     .....                    (no ring)
                                (no ring)

@: not resistant to hostile enchantments, fairly stealthy
A: able to fly, beak, talons 3, icy blue scales 1, deterioration 1, dopey 1,
frail 1
a: Fly


You were on level 3 of the Dungeon.
You were not hungry.

You visited 1 branch of the dungeon, and saw 3 of its levels.

You collected 113 gold pieces.

Inventory:

Hand weapons
 u - a +1,+0 short sword (weapon)
Missiles
 m - 4 tomahawks (quivered)
Armour
 a - a +0 robe (worn)
Comestibles
 c - a bread ration
Scrolls
 f - a scroll of enchant weapon I {unknown}
 i - a scroll of curse jewellery {unknown}
 j - 2 scrolls of amnesia
 k - a scroll of remove curse {unknown}
 l - a scroll of random uselessness {unknown}
 n - 2 scrolls of identify
 o - a scroll of immolation {unknown}
 p - a scroll of enchant armour {unknown}
 q - 2 scrolls of fog {unknown}
 r - a scroll of teleportation {unknown}
 t - 3 scrolls of blinking
Potions
 d - a potion of agility {unknown}
 e - a potion of might {unknown}
 g - a potion of curing {unknown}
 h - a potion of restore abilities {unknown}
 s - a potion of beneficial mutation {unknown}
Books
 b - a book of Flames

   Spells                             Type                      Level
   *Flame Tongue                      Conjuration/Fire             1
   *Throw Flame                       Conjuration/Fire             2
   *Conjure Flame                     Conjuration/Fire             3
   Inner Flame                        Hexes/Fire                   3
   Sticky Flame                       Conjuration/Fire             4
   Fireball                           Conjuration/Fire             5


   Skills:
 - Level 2.1 Dodging
 - Level 2.0 Stealth
 - Level 2.0 Spellcasting
 * Level 5.4 Conjurations
 * Level 5.2 Fire Magic


You had 2 spell levels left.
You knew the following spells:

 Your Spells              Type           Power        Failure   Level  Hunger
a - Flame Tongue          Conj/Fire      ###..        2%          1    ##.....
b - Throw Flame           Conj/Fire      ###...       4%          2    ###....
c - Conjure Flame         Conj/Fire      ###.....     10%         3    ####...


Dungeon Overview and Level Annotations

Branches:
Dungeon (3/16)

Altars:


Innate Abilities, Weirdness & Mutations

You can fly.
You have a beak for a mouth.
You have claws for feet.
You are partially covered in icy blue scales (AC +1).
Your body is slowly deteriorating.
You are dopey. (Int -2)
You are frail (-10% HP).


Message History

Aim: an orc wizard, wielding a glowing orcish dagger and wearing an orcish robe (moving very quickly)
The flame misses the orc wizard.
Casting: Flame Tongue
Confirm with . or Enter, or press ? or * to list all spells.
Aiming: Flame Tongue
Press: ? - help, Shift-Dir - straight line, f/p - orc wizard
Aim: an orc wizard, wielding a glowing orcish dagger and wearing an orcish robe (moving very quickly)
The flame hits the orc wizard.
The orc wizard is moderately wounded.
The orc wizard barely misses you. The orc wizard closely misses you.
Casting: Flame Tongue
Confirm with . or Enter, or press ? or * to list all spells.
Aiming: Flame Tongue
Press: ? - help, Shift-Dir - straight line, f/p - orc wizard
Aim: an orc wizard, wielding a glowing orcish dagger and wearing an orcish robe (moderately wounded, moving very quickly)
The flame misses the orc wizard.
The orc wizard hits you but does no damage.
Space warps horribly around you!
Ouch! That really hurt!
You die...

(####.#.# .# .# #.#.#
.# .# #.#.# .# ##
#.#.###########.#
#####.....).........#
....############.#..#
....# #.#o.# ....#
#o#o.# ....# #@#.)#
....# #.#o.# ....#
#.#..# ....# #.#..#
....# #.#..# ....#
#.#..# ##### #.#..#
#######.#..#
#..........#


You could see an orc wizard.

Vanquished Creatures
  An ogre (D:3)
  Jessica (D:3)
  5 adders (D:2)
  4 giant geckos
  5 orcs (D:3)
  5 goblins
  5 hobgoblins
  6 kobolds
  A ball python (D:2)
  2 bats (D:1)
  3 giant cockroaches
  10 giant newts
  A quokka (D:2)
  5 rats
54 creatures vanquished.

Notes
Turn   | Place    | Note
--------------------------------------------------------------
     0 | D:1      | Kae, the Tengu Fire Elementalist, began the quest for the Orb.
     0 | D:1      | Reached XP level 1. HP: 10/10 MP: 3/3
   253 | D:1      | Reached XP level 2. HP: 7/15 MP: 5/5
   646 | D:2      | Reached XP level 3. HP: 15/19 MP: 1/7
   825 | D:2      | Reached skill level 4 in Fire Magic
  1072 | D:2      | Reached XP level 4. HP: 24/24 MP: 8/8
  1475 | D:3      | Noticed an ogre
  1484 | D:2      | Learned a level 2 spell: Throw Flame
  1488 | D:2      | Learned a level 3 spell: Conjure Flame
  1525 | D:3      | Noticed Jessica
  1557 | D:3      | Gained mutation: You are frail (-10% HP). [potion of mutation]
  1557 | D:3      | Gained mutation: You are dopey. (Int -2) [potion of mutation]
  1557 | D:3      | Gained mutation: You have supernaturally acute eyesight. [potion of mutation]
  1558 | D:3      | Gained mutation: Your body is slowly deteriorating. [potion of mutation]
  1558 | D:3      | Gained mutation: You are partially covered in icy blue scales (AC +1). [potion of mutation]
  1558 | D:3      | Lost mutation: You have supernaturally acute eyesight. [potion of mutation]
  1562 | D:3      | Killed Jessica
  1855 | D:3      | Killed an ogre
  1855 | D:3      | Reached skill level 5 in Conjurations
  1855 | D:3      | Reached skill level 5 in Fire Magic
  1855 | D:3      | Reached XP level 5. HP: 25/25 MP: 1/11
  2574 | D:3      | Slain by an orc wizard

Action                   |  1- 3 |  4- 6 || total
-------------------------+-------+-------++-------
Melee: Unarmed           |    50 |    44 ||    94
Throw: Tomahawk          |       |     2 ||     2
 Cast: Flame Tongue      |    20 |    53 ||    73
       Conjure Flame     |       |     2 ||     2
  Use: Scroll            |       |     6 ||     6
       Potion            |       |     2 ||     2
 Stab: Sleeping          |     3 |     2 ||     5
